 Dungeon Crawl Stone Soup version 0.25.0-11-g1f837a76a1 (webtiles) character file.

Game seed: 13847269810185637162

10079 Flugkiller the Reanimator (level 11, 0/94 HPs)
             Began as a Deep Dwarf Necromancer on June 26, 2020.
             Was an Elder of Dithmenos.
             Slain by an orc knight
             ... wielding a +0 war axe
              (26 damage)
             ... on level 2 of the Orcish Mines.
             The game lasted 00:29:51 (8931 turns).

Flugkiller the Reanimator (Deep Dwarf Necromancer)  Turns: 8931, Time: 00:29:51

Health: 0/94       AC: 14    Str: 21    XL:     11   Next: 31%
Magic:  3/26 (17)  EV: 16    Int: 15    God:    Dithmenos [****..]
Gold:   1160       SH:  0    Dex: 16    Spells: 8/22 levels left

rFire    + . .     SeeInvis .   e - +0 dagger (venom)
rCold    + . .     Gourm    .   (no shield)
rNeg     . . .     Faith    .   z - +5 ring mail "Guklej" {rPois rF+ rC+ Str+2}
rPois    +         Spirit   .   (no helmet)
rElec    .         Reflect  .   h - +0 cloak
rCorr    .         Harm     .   (no gloves)
MR       +....                  a - +2 pair of boots
Stlth    +++++.....             (no amulet)
HPRegen  0.00/turn              A - +6 ring of strength
MPRegen  0.20/turn              k - ring of magical power

@: non-regenerating, wreathed by umbra
A: damage resistance, heal wounds, sense surroundings 2, no regeneration
a: Heal Wounds, Shadow Step, Renounce Religion


You were on level 2 of the Orcish Mines.
You worshipped Dithmenos.
Dithmenos was greatly pleased with you.
You were hungry.

You visited 2 branches of the dungeon, and saw 13 of its levels.
You also visited: Ice Cave and Volcano.

You collected 1160 gold pieces.

Inventory:

Hand Weapons
 e - a +0 dagger of venom (weapon)
   (You took it off an orc wizard on level 7 of the Dungeon)
 f - a +0 war axe of distortion
   (You took it off an orc warrior on level 2 of the Orcish Mines)
 C - a +2 scimitar of protection
   (You took it off an orc warrior on level 11 of the Dungeon)
Armour
 a - a +2 pair of boots (worn)
   (You found it on level 6 of the Dungeon)
 h - a +0 cloak (worn)
   (You found it on level 3 of the Dungeon)
 r - a +0 kite shield
   (You found it on level 8 of the Dungeon)
 z - the +5 ring mail "Guklej" (worn) {rPois rF+ rC+ Str+2}
   (You found it on level 6 of the Dungeon)

   It affects your strength (+2).
   It protects you from fire.
   It protects you from cold.
   It protects you from poison.
Jewellery
 i - an uncursed ring of resist corrosion
   (You found it on level 3 of the Dungeon)
 k - a ring of magical power (right hand)
   (You found it on level 3 of the Dungeon)
 A - a +6 ring of strength (left hand)
   (You found it on level 9 of the Dungeon)
Wands
 g - a wand of acid (5)
   (You found it on level 4 of the Dungeon)
 p - a wand of paralysis (3)
   (You found it on level 8 of the Dungeon)
Scrolls
 b - 4 scrolls of enchant armour
 l - a scroll of magic mapping
 m - 2 scrolls of fog
 u - a scroll of immolation {unknown}
 y - a scroll of enchant weapon {unknown}
 B - a scroll of blinking
Potions
 j - a potion of flight {unknown}
 o - a potion of invisibility {unknown}
 q - a potion of brilliance {unknown}
 t - a potion of heal wounds {unknown}
 v - a potion of lignification
 w - a potion of might {unknown}
 x - 2 potions of curing {unknown}
Comestibles
 c - 11 rations


   Skills:
 + Level 5.1 Fighting
 - Level 5.0 Short Blades
 + Level 1.1 Armour
 - Level 8.0 Dodging
 + Level 8.2 Stealth
 + Level 6.3 Spellcasting
 - Level 11.0 Necromancy
 + Level 1.3 Invocations
 - Level 7.0 Evocations


You had 8 spell levels left.
You knew the following spells:

 Your Spells              Type           Power        Failure   Level  Hunger
a - Pain                  Necr           ####         1%          1    None
b - Animate Skeleton      Necr           N/A          1%          1    None
c - Vampiric Draining     Necr           #####.....   1%          3    ##.....
d - Animate Dead          Necr           N/A          2%          4    ####...
e - Agony                 Necr           #####...     7%          5    ######.

Your spell library contained the following spells:

 Spells                   Type           Power        Failure   Level  Hunger
 Beastly Appendage        Tmut           #.....       24%         1    None
 Sticks to Snakes         Tmut           #.......     34%         2    #......
 Spider Form              Tmut/Pois      #.........   56%         3    ##.....
 Ice Form                 Ice/Tmut       #.......     93%         4    ####...
 Blade Hands              Tmut           #.........   100%        5    ######.


Dungeon Overview and Level Annotations

Branches:
Dungeon (11/15)            Temple (0/1) D:6            Lair (0/6) D:9
    Orc (2/2) D:11          IceCv (visited)         Volcano (visited)
    Elf: Orc:2

Altars:
Cheibriados
Dithmenos
Fedhas
Hepliaklqana
Kikubaaqudgha
Nemelex Xobeh
Qazlal
Trog
Uskayaw
Vehumet
The Shining One

Shops:
D:8 :   D:10 }   Orc:2 *[(

Annotations:
D:4 Grinder, Sigmund
D:5 Menkaure
D:6 1 runed translucent door, Crazy Yiuf
D:9 exclusion: two-headed ogre
D:10 exclusion: 2 wights, Joseph


Innate Abilities, Weirdness & Mutations

You are resistant to damage.
You can heal yourself by infusing magical energy.
You passively map the area around you.
You do not regenerate.


Message History

You completely miss the ogre.
The ogre is severely wounded.
The orc knight no longer looks unusually strong.
Unknown command.
Unknown command.
You hit the ogre.
The ogre is almost dead.
The ogre barely misses you.
Unknown command.
You kill the ogre!
Dithmenos accepts your kill.
Things that are here:
a +0 giant spiked club; a +0 plate armour; a +0 hand axe Unknown command.
Things that are here:
a +0 plate armour; a +0 dire flail You closely miss the orc knight.
The orc knight misses you.
You hit the orc knight but do no damage.
The orc knight hits you but does no damage.
You hit the orc knight but do no damage.
The orc knight is poisoned.
You hit the orc knight but do no damage.
The orc knight closely misses you.
You hit the orc knight but do no damage.
The orc knight looks as sick as possible!
The orc knight barely misses you.
You barely miss the orc knight.
The orc knight is lightly wounded.
Casting: Vampiric Draining (safe; 1% risk of failure)
Confirm with . or Enter, or press ? or * to list all spells.
Aiming: Vampiric Draining (safe; 1% risk of failure)
Press: ? - help, Shift-Dir - straight line, f - orc knight
Aim: an orc knight, wielding a +0 war axe and wearing a +0 plate armour (lightly wounded, extremely poisoned, umbra)
The orc knight is moderately wounded.
You feel life coursing into your body.
The orc knight hits you with a +0 war axe!
* * * LOW HITPOINT WARNING * * *
You hit the orc knight.
The orc knight looks as sick as possible!
The orc knight is moderately wounded.
The orc knight hits you with a +0 war axe!
* * * LOW HITPOINT WARNING * * *
Things that are here:
a +0 plate armour; a +0 great sword The troll shouts!
You hit the orc knight but do no damage.
The orc knight looks as sick as possible!
The orc knight is heavily wounded.
The orc knight hits you with a +0 war axe!!
You die...

###.#...$.............
###....#..))).......
##..#................
#......)##.[........P
##..#.##o#...........
######..)[$#........
#...[[.........
#####[#)##....#...
##@#.##...#...###.P
#.[o..[..###....,P.
#...[.T..# *#.... ,
#...##....# ##..*
##.#####.## ## ### ###
*


You could see an orc knight (extremely poisoned) and a troll.

Vanquished Creatures
  An orc warlord (Orc:2)
  2 orc high priests (Orc:2)
  2 orc knights (Orc:2)
  A toenail golem (Orc:2)
  5 trolls
  A hippogriff (D:8)
  2 wargs (Orc:2)
  Duvessa (D:7)
  15 orc warriors
  2 ice beasts
  9 ogres
  4 centaurs
  A big kobold (D:7)
  A bullfrog (D:7)
  Dowan (D:7)
  2 scorpions
  A killer bee (D:9)
  A howler monkey (D:7)
  A bullfrog zombie (D:6)
  3 hounds
  2 centaur zombies
  10 orc priests
  A gnoll shaman (D:7)
  5 orc wizards
  4 iguanas
  7 worker ants
  A hound skeleton (D:8)
  A worker ant zombie (D:6)
  6 adders
  13 gnolls
  A river rat (D:5)
  2 shadow imps
  12 white imps (D:11)
  A worm (D:3)
  A dart slug (D:2)
  4 leopard geckos
  35 orcs
  3 giant cockroaches
  4 goblins
  2 hobgoblins
  2 jackals (D:4)
  4 quokkas
  2 ball pythons
  2 bats
  8 kobolds
  A quokka skeleton (D:4)
  7 rats
197 creatures vanquished.

Vanquished Creatures (collateral kills)
  Prince Ribbit (D:8)
  A warg (Orc:2)
  4 orc warriors (Orc:2)
  A water moccasin zombie (D:5)
  A crimson imp (D:6)
  3 orc wizards
  A gnoll (D:6)
  An adder (D:2)
  A leopard gecko (D:2)
  7 orcs
  A quokka (D:5)
  2 rats
24 creatures vanquished.

Vanquished Creatures (others)
  18 fungi (Orc:2)
18 creatures vanquished.

Grand Total: 239 creatures vanquished

Notes
Turn   | Place    | Note
-------+----------+-------------------------------------------
     0 | D:1      | Flugkiller the Deep Dwarf Necromancer began the quest for
                  | the Orb.
     0 | D:1      | Reached XP level 1. HP: 15/15 MP: 3/3
   418 | D:1      | Reached XP level 2. HP: 17/22 MP: 0/5
   776 | D:2      | Learned a level 1 spell: Animate Skeleton
  1038 | D:2      | Reached XP level 3. HP: 14/28 MP: 6/6
  1051 | D:2      | Learned a level 3 spell: Vampiric Draining
  1231 | D:3      | Found a glowing golden altar of the Shining One.
  1368 | D:3      | Reached skill level 5 in Necromancy
  1378 | D:3      | Reached XP level 4. HP: 24/36 MP: 2/7
  1524 | D:3      | Found a blossoming altar of Fedhas.
  1831 | D:3      | Found a bloodstained altar of Trog.
  2029 | D:4      | Found a sparkling altar of Nemelex Xobeh.
  2029 | D:4      | Found a hazy altar of Hepliaklqana.
  2035 | D:4      | Found a radiant altar of Vehumet.
  2051 | D:4      | Found a faded altar of an unknown god.
  2052 | D:4      | Found a shadowy altar of Dithmenos.
  2061 | D:4      | Became a worshipper of Dithmenos the Shadowed
  2098 | D:4      | Learned a level 4 spell: Animate Dead
  2231 | D:4      | Reached XP level 5. HP: 30/42 MP: 2/9
  2240 | D:4      | Noticed Grinder
  2272 | D:4      | Noticed Sigmund
  2306 | D:4      | Paralysed by Grinder for 2 turns
  2447 | D:5      | Entered Level 5 of the Dungeon
  2667 | D:5      | Reached XP level 6. HP: 27/49 MP: 2/11
  2876 | D:5      | Reached skill level 6 in Necromancy
  2955 | D:5      | Noticed Menkaure
  3086 | D:6      | Reached skill level 5 in Spellcasting
  3295 | D:6      | Got a smoking ring mail
  3304 | D:6      | Reached * piety under Dithmenos
  3317 | D:6      | Found a staircase to the Ecumenical Temple.
  3342 | D:6      | Reached XP level 7. HP: 29/55 MP: 4/13
  3442 | D:6      | Found a runed translucent door.
  3443 | D:6      | Noticed Crazy Yiuf
  4015 | D:6      | Found a hide-covered altar of Uskayaw.
  4049 | D:6      | Found a snail-covered altar of Cheibriados.
  4104 | D:6      | Identified the +5 ring mail "Guklej" {rPois rF+ rC+ Str+2}
                  | (You found it on level 6 of the Dungeon)
  4216 | D:6      | Found a stormy altar of Qazlal.
  4216 | D:6      | Found a bloodstained altar of Trog.
  4362 | D:6      | Reached skill level 7 in Necromancy
  4779 | D:7      | Noticed a troll
  4780 | D:7      | Noticed Duvessa
  4796 | D:7      | Killed a troll
  4796 | D:7      | Reached XP level 8. HP: 47/67 MP: 16/16
  4807 | D:7      | Reached skill level 8 in Necromancy
  4813 | D:7      | Noticed Dowan
  4822 | D:7      | Killed Duvessa
  4838 | D:7      | Killed Dowan
  4945 | D:7      | Reached skill level 9 in Necromancy
  5097 | D:7      | Reached skill level 10 in Necromancy
  5254 | D:7      | Gained mutation: You passively map the area around you.
                  | [Deep Dwarf growth]
  5254 | D:7      | Reached XP level 9. HP: 29/73 MP: 16/17
  5670 | D:8      | Noticed Prince Ribbit
  5847 | D:8      | Learned a level 5 spell: Agony
  5893 | D:8      | Reached skill level 11 in Necromancy
  5910 | D:8      | Reached ** piety under Dithmenos
  5921 | D:8      | Noticed a red devil
  5932 | D:8      | Noticed a two-headed ogre
  6048 | D:8      | Found Nuthroac's Book Shoppe.
  6108 | D:8      | Noticed an orange demon
  6141 | D:8      | Found an ancient bone altar of Kikubaaqudgha.
  6154 | D:8      | Reached skill level 1 in Short Blades
  6207 | D:8      | Noticed a rust devil
  6228 | D:8      | Killed Prince Ribbit
  6348 | D:9      | Found a staircase to the Lair.
  6449 | D:9      | Noticed a two-headed ogre
  6452 | D:9      | Reached skill level 5 in Stealth
  6457 | D:9      | Noticed a two-headed ogre
  6621 | D:10     | Entered Level 10 of the Dungeon
  6875 | D:10     | Noticed Joseph
  6998 | D:10     | Found Giranune's Gadget Shop.
  7059 | D:11     | Found a frozen archway.
  7273 | IceCv    | Entered an ice cave
  7291 | D:11     | Found a staircase to the Orcish Mines.
  7325 | Orc:1    | Entered Level 1 of the Orcish Mines
  7401 | Orc:1    | Reached XP level 10. HP: 50/86 MP: 18/18
  7416 | Orc:1    | Reached skill level 5 in Dodging
  7442 | Orc:2    | Entered Level 2 of the Orcish Mines
  7442 | Orc:2    | Noticed an orc warlord
  7462 | Orc:1    | Reached *** piety under Dithmenos
  7612 | Orc:1    | Noticed a cyclops
  7798 | Orc:2    | Found Idaon's General Store.
  7798 | Orc:2    | Noticed an orc knight
  7840 | Orc:2    | Killed an orc knight
  7874 | Orc:2    | Reached skill level 5 in Fighting
  7979 | Orc:2    | Noticed an orc knight
  8027 | Orc:2    | Killed an orc knight
  8137 | Orc:2    | Reached skill level 5 in Short Blades
  8157 | Orc:2    | Noticed an orc high priest
  8161 | Orc:2    | Noticed an orange demon
  8166 | Orc:2    | Killed an orc high priest
  8170 | Orc:2    | Found Yraud's Antique Armour Shop.
  8196 | Orc:2    | Noticed an orc high priest
  8205 | Orc:2    | Found a dark tunnel.
  8213 | Volcano  | Entered a volcano
  8371 | Volcano  | Noticed a toenail golem
  8371 | Volcano  | Noticed a wizard
  8373 | Volcano  | Noticed a toenail golem
  8416 | Orc:2    | Killed a toenail golem
  8480 | Orc:2    | Reached XP level 11. HP: 38/94 MP: 19/19
  8505 | Orc:2    | Found Isuhoijost's Antique Weapon Shop.
  8506 | Orc:2    | Noticed an orc high priest
  8526 | Orc:2    | Reached **** piety under Dithmenos
  8541 | Orc:2    | Noticed an orc knight
  8547 | Orc:2    | Killed an orc high priest
  8547 | Orc:2    | Reached skill level 5 in Evocations
  8600 | Orc:2    | Noticed an orc knight
  8849 | Orc:2    | Noticed an orc warlord
  8893 | Orc:2    | Killed an orc warlord
  8893 | Orc:2    | Reached skill level 1 in Invocations
  8903 | Orc:2    | Reached skill level 1 in Armour
  8931 | Orc:2    | Slain by an orc knight

Illustrated notes

Levels and vault maps discovered:
D:1:      dpeg_arrival_ratfight, layout_loops_ring
D:2:      layout_basic, first_ration
D:3:      minmay_diamond_boxcup, layout_basic, lemuel_crystal_altar,
          lemuel_doored_altar, serial_forest, infiniplex_forest_end_3,
          infiniplex_forest_clump_diagonal, infiniplex_forest_lined_2,
          infiniplex_forest_lined_room_, infiniplex_forest_straight_4, trog_book
D:4:      layout_basic, chequers_temple_overflow_minitemple,
          ebering_ghost_rock_garden, hangedman_decor_lopped, uniq_sigmund,
          uniq_grinder
D:5:      layout_gridville, marbit_many_paths, lightli_sewer_entry_pipes,
          uniq_menkaure
D:6:      layout_basic, cheibriados_altar_1, eat_drink_and_be_merry_uskayaw,
          chequers_temple_overflow_statue_of_worship,
          minmay_temple_entry_water_ring, uniq_crazy_yiuf_cottage
D:7:      wander_guarded_unrand_ratskin, layout_rooms, grunt_livestock,
          uniq_duvessa
D:8:      layout_gridville, kiku_gazebo_pond_becter, serial_rivers,
          chequers_serial_rivers_small_b, chequers_serial_rivers_marsh,
          chequers_serial_rivers_room_b, chequers_serial_rivers_small_a,
          chequers_serial_rivers_micro_b, serial_shops, shop,
          nicolae_shop_statue_plus, gammafunk_ghost_wrathful_warriors,
          lemuel_hellish_altar, uniq_prince_ribbit1
D:9:      layout_small_grid, lair_entry_dummy, minmay_between
D:10:     layout_loops_ring, serial_shops, shop, minivault_10, uniq_joseph
D:11:     layout_roguey, orc_0_dummy, enter_trove_3, portal_ice_cave_entry_imps
Orc:1:    layout_diamond_mine, nicolae_orc_stony_grotto, uniq_snorg
Orc:2:    grunt_orc_gardens, layout_caves, grunt_orc_garden, grunt_orc_garden,
          grunt_orc_garden, grunt_orc_garden, serial_shops,
          nicolae_shop_crystal, enter_volcano_1

Skill      XL: |  1  2  3  4  5  6  7  8  9 10 11 |
---------------+----------------------------------+-----
Spellcasting   | 2 3 4 5 6 |  6.3
Necromancy     | 5 6 7 10 11 | 11.0
Fighting       | 2 4 5 |  5.1
Stealth        | 5 8 |  8.2
Dodging        | 4 8 |  8.0
Short Blades   | 3 5 |  5.0
Evocations     | 3 7 |  7.0
Invocations    | 1 |  1.3
Armour         | 1 |  1.1

Action                   |  1- 3 |  4- 6 |  7- 9 | 10-12 || total
-------------------------+-------+-------+-------+-------++-------
Melee: Dagger            |    34 |       |   362 |   209 ||   605
       Halberd           |    10 |   114 |    22 |       ||   146
       Scimitar          |       |       |       |    15 ||    15
 Cast: Pain              |    29 |    19 |    34 |     1 ||    83
       Animate Skeleton  |     9 |    10 |     9 |     1 ||    29
       Vampiric Draining |     4 |    30 |    86 |    52 ||   172
       Animate Dead      |       |       |       |     5 ||     5
       Agony             |       |       |       |     2 ||     2
 Abil: Heal Wounds       |     1 |       |     1 |     9 ||    11
Evoke: Wand              |       |       |       |     7 ||     7
  Use: Scroll            |       |     6 |     6 |     2 ||    14
       Potion            |       |       |       |     3 ||     3
 Stab: Sleeping          |     1 |     4 |     2 |     4 ||    11
       Paralysed         |       |       |       |     7 ||     7
       Distracted        |       |       |       |     4 ||     4
  Eat: Chunk             |     2 |     9 |    12 |     2 ||    25
       Ration            |       |       |     2 |     2 ||     4
Armor: Robe              |    11 |    38 |     7 |       ||    56
       Ring mail         |       |       |   209 |    75 ||   284
Dodge: Dodged            |    27 |   102 |   367 |   236 ||   732
       Rpst.: Scimitar   |       |       |       |     2 ||     2
